 Dungeon Crawl Stone Soup version 0.29.1-1-gd02db6906a (webtiles) character file.

Game seed: 6958224413980329176

116 lonewolfV2 the Chopper (level 4, 0/61 HPs)
             Began as a Minotaur Monk on Oct 17, 2022.
             Slain by Ijyb
             ... wielding a +0 club
              (4 damage)
             ... on level 3 of the Dungeon.
             The game lasted 00:02:49 (2952 turns).

lonewolfV2 the Chopper (Minotaur Monk)              Turns: 2952, Time: 00:02:50

Health: 0/61       AC:  2    Str: 16    XL:     4   Next: 70%
Magic:  3/3        EV: 10    Int:  7    God:
Gold:   87         SH:  0    Dex: 14    Spells: 3/3 levels left

rFire   + . .      SeeInvis .   a - +0 hand axe
rCold   . . .      Faith    .   (no shield)
rNeg    . . .      Spirit   .   b - +0 robe
rPois   .          Reflect  .   (helmet restricted)
rElec   .          Harm     .   (no cloak)
rCorr   .          Rampage  .   (no gloves)
Will    .....                   (no boots)
Stlth   ..........              (no amulet)
HPRegen 0.20/turn               e - ring of protection from fire
MPRegen 0.08/turn               (no ring)

@: berserking, grasped by roots, constricted, very quick
A: horns 2, retaliatory headbutt
a: no special abilities


You were on level 3 of the Dungeon.
You visited 1 branch of the dungeon, and saw 5 of its levels.

You collected 87 gold pieces.

Inventory:

Hand Weapons
 a - a +0 hand axe (weapon)
Armour
 b - a +0 robe (worn)
Jewellery
 e - a ring of protection from fire (left hand)
 k - a +6 ring of intelligence
Scrolls
 f - a scroll of immolation {unknown}
 h - a scroll of amnesia {unknown}
 j - a scroll of teleportation
Potions
 d - a potion of brilliance {unknown}
 g - a potion of might {unknown}
 i - a potion of flight {unknown}


   Skills:
 + Level 4.5 Fighting
 + Level 4.5 Axes
 + Level 4.1 Dodging
 + Level 2.6 Stealth


You had 3 spell levels left.
You didn't know any spells.
Your spell library contained the following spells:

 Spells                   Type           Power      Damage    Failure   Level
 Animate Armour           Summ/Erth      0%         N/A       99%         4
 Blade Hands              Tmut           0%         N/A       100%        5
 Iron Shot                Conj/Erth      0%         9d1       100%        6


Dungeon Overview and Level Annotations

Branches:
Dungeon (5/15)
 Temple: D:4-7

Altars:

Shops:
D:1 ?

Annotations:
D:3 Ijyb


Innate Abilities, Weirdness & Mutations

You have a pair of horns on your head.
You reflexively headbutt those who attack you in melee.


Message History

Ijyb is unaffected.
The grasping roots constrict you!
You hit Ijyb. You headbutt Ijyb, but do no damage.
Ijyb is moderately wounded.
Ijyb hits you with a +0 club. The grasping roots constrict you.
You hit Ijyb.
Ijyb is moderately wounded.
Ijyb screams, "Me stronger than you!" Ijyb closely misses you.
The grasping roots constrict you.
A dart slug comes into view.
You closely miss Ijyb. You headbutt Ijyb.
Ijyb is heavily wounded.
Ijyb barely misses you. You furiously retaliate!
You headbutt Ijyb, but do no damage. The grasping roots constrict you!
* * * LOW HITPOINT WARNING * * *
The grasping roots release their grip on you.
You hit Ijyb. Your headbutt misses Ijyb.
Ijyb is severely wounded.
You closely miss the hobgoblin. The hobgoblin closely misses you.
Ijyb hits you with a +0 club.
* * * LOW HITPOINT WARNING * * *
It was a potion of berserk rage.
A red film seems to cover your vision as you go berserk!
You feel yourself moving faster!
You feel mighty! The hobgoblin misses you. You furiously retaliate!
You headbutt the hobgoblin!
You kill the hobgoblin!
A goblin comes into view. It is wielding a +0 dagger.
Ijyb zaps a wand.
The roots erupt in riotous growth!
The grasping roots grab you!
Ijyb is unaffected.
The grasping roots constrict you.
* * * LOW HITPOINT WARNING * * *
The goblin shouts!
You are too berserk!
You closely miss Ijyb. You headbutt Ijyb.
Ijyb is almost dead.
Ijyb barely misses you. The grasping roots constrict you.
* * * LOW HITPOINT WARNING * * *
You barely miss Ijyb.
Ijyb is almost dead.
Ijyb hits you with a +0 club.
You die...

#########
#.......#
###.......#
..........######.
....g....@gJ[....
##....>..###....
####..w......#.
#.........#
#.........#
..........#
?.....##..##
......## ..#
...<...# .#


You could see Ijyb, a dart slug, an endoplasm and a goblin.

Vanquished Creatures
  4 gnolls
  A worm (D:2)
  2 dart slugs
  3 orcs (D:2)
  5 bats
  4 endoplasms
  A giant cockroach (D:2)
  2 goblins
  5 hobgoblins
  2 jackals (D:1)
  2 quokkas (D:1)
  3 ball pythons (D:1)
  3 frilled lizards
  4 kobolds
  2 rats
43 creatures vanquished.

Vanquished Creatures (others)
  An orc wizard (D:2)
  4 plants (D:1)
5 creatures vanquished.

Grand Total: 48 creatures vanquished

Notes
Turn   | Place    | Note
-------+----------+-------------------------------------------
     0 | D:1      | lonewolfV2 the Minotaur Monk began the quest for the Orb.
     0 | D:1      | Reached XP level 1. HP: 19/19 MP: 0/0
    94 | D:1      | Found Mujesche's Magic Scroll Shoppe.
   525 | D:1      | Reached XP level 2. HP: 24/27 MP: 1/1
  1164 | D:1      | Reached XP level 3. HP: 9/33 MP: 2/2
  1893 | D:2      | Reached XP level 4. HP: 18/40 MP: 3/3
  2787 | D:3      | Found a faded altar of an unknown god.
  2912 | D:3      | You fall into a shaft and drop 2 floors!
  2912 | D:5      | Entered Level 5 of the Dungeon
  2942 | D:3      | Noticed Ijyb
  2952 | D:3      | Slain by Ijyb

Illustrated notes

Levels and vault maps discovered:
D:1:      denvon_arrival_planthouse, layout_rooms, serial_shops, shop,
          serial_co_window_serial, co_window_paths_a, co_window_paths_a,
          co_window_cross_1, co_window_paths_a, co_window_paths_a,
          co_window_paths_a, co_window_of_opportunity_a, co_window_corner_a,
          co_window_corner_a, co_window_unsneaky_path_a, co_window_broadway_c,
          co_window_broadway_a, co_window_corner_b, minmay_misc_feat_columns
D:2:      layout_basic, serial_curves, eino_curves_03, eino_curves_02,
          kennysheep_boxes
D:3:      layout_rooms, nicolae_ecumenical_pavilion, uniq_grinder, uniq_ijyb
D:4:      layout_cave_pools, minitemple
D:5:      layout_rooms, minmay_temple_entry_mini_moons, serial_shops,
          nicolae_shop_statue_plus

Skill      XL: |  1  2  3  4 |
---------------+-------------+-----
Axes           | 4 |  4.5
Fighting       | 4 |  4.5
Stealth        | 2 |  2.6
Dodging        | 4 |  4.1

Action                   |  1- 3 |  4- 6 || total
-------------------------+-------+-------++-------
Melee: Hand axe          |    81 |    39 ||   120
       Headbutt          |    10 |     9 ||    19
  Use: Scroll            |     4 |       ||     4
       Potion            |     1 |     1 ||     2
 Stab: Sleeping          |     4 |     4 ||     8
Armor: Robe              |    12 |     7 ||    19
Dodge: Dodged            |    71 |    32 ||   103
